vs Grunt

Match 13540519
End
Kettenkrad Recon Vehicle
Construct Infanterie Kompanie
Selects Luftwaffe Battlegroup
MG 42 Machine Gun Team
MG 42 Machine Gun Team
MG 42 Machine Gun Team
Selects Stuka Strafing Run
Construct Panzergrenadier Kompanie
Panzergrenadier Squad
Stuka Strafing Run
Medical Station
Panzergrenadier Squad
Stuka Strafing Run
Support Elements
Selects Fallschirmjäger Squad Paradrop
Stuka Strafing Run
Nebelwerfer 42 Rocket Launcher Team
Panzergrenadier Officer Quarters
Stuka Strafing Run
Nebelwerfer 42 Rocket Launcher Team
Stuka Strafing Run
Panzergrenadier Squad
Selects Stuka Loiter
Stuka Strafing Run
Construct Panzer Kompanie
Selects Fallschirmpioneer Squad Paradrop
Selects LG40 Recoilless Launcher Paradrop
Stuka Loiter
Panzer IV Medium Tank
B L U E SKI D R OW
Zbirga
隆美尔的马戏团
WilllTHENOOBz
NEP_wilson_NEP
TheAceOfSpadez
0
0

Comments sign in to comment!

No comments posted yet!